 Dungeon Crawl Stone Soup version 0.30.1-4-g462c640d31 (webtiles) character file.

Game seed: 9728290898101076645

24 Logoto the Firebug (level 3, 0/26 HPs)
             Began as a Hill Orc Fire Elementalist on Aug 30, 2023.
             Slain by a goblin
             ... wielding a +0 dagger of venom
              (2 damage)
             ... on level 2 of the Dungeon.
             The game lasted 00:02:36 (1277 turns).

Logoto the Firebug (Hill Orc Fire Elementalist)     Turns: 1277, Time: 00:02:36

Health: 0/26       AC:  3    Str: 18    XL:     3   Next: 2%
Magic:  4/6        EV: 12    Int: 21    God:
Gold:   83         SH:  0    Dex: 11    Spells: 5/6 levels left

rFire   . . .        (no weapon)
rCold   . . .        (no shield)
rNeg    . . .        a - +0 robe
rPois   .            (no helmet)
rElec   .            (no cloak)
rCorr   .            (no gloves)
SInv    .            h - +0 pair of boots
Will    .....        (no amulet)
Stlth   ++           d - +6 ring of intelligence
HPRegen 0.24/turn    g - +6 ring of strength
MPRegen 0.10/turn

%: no passive effects
@: lethally poisoned (0 -> -11)
A: no striking features
a: no special abilities


You were on level 2 of the Dungeon.
You visited 1 branch of the dungeon, and saw 2 of its levels.

You collected 83 gold pieces.

Inventory:

Armour
 a - a +0 robe (worn)
 h - a +0 pair of boots (worn)
Jewellery
 d - a +6 ring of intelligence (left hand)
 g - a +6 ring of strength (right hand)
Wands
 i - a wand of paralysis (13)
Scrolls
 e - a scroll of torment {unknown}
Potions
 b - 2 potions of magic
 c - a potion of attraction {unknown}
 f - 2 potions of might {unknown}


   Skills:
 + Level 1.6 Dodging
 + Level 1.8 Stealth
 + Level 2.0 Spellcasting
 + Level 1.2 Conjurations
 + Level 3.7 Fire Magic


You had 5 spell levels left.
You knew the following spells:

 Your Spells              Type           Power      Damage    Failure   Level
a - Foxfire               Conj/Fire      48%        2x1d6     5%          1

Your spell library contained the following spells:

 Spells                   Type           Power      Damage    Failure   Level
 Scorch                   Fire           34%        2d6       4%          2
 Magic Dart               Conj           28%        1d4       9%          1
 Inner Flame              Hex/Fire       10%        N/A       21%         3
 Volatile Blastmotes      Fire/Tloc      20%        2d11      21%         3
 Call Imp                 Summ           4%         N/A       22%         2
 Mephitic Cloud           Conj/Pois/Air  3%         N/A       36%         3
 Flame Wave               Conj/Fire      12%        2d6       47%         4


Dungeon Overview and Level Annotations

Branches:
Dungeon (2/15)

Altars:


Message History

You start resting.
Your foxfire dissipates!
Your foxfire dissipates!
Magic restored.
i - a wand of paralysis (13)
A goblin comes into view. It is wielding a +0 dagger of venom.
You conjure some foxfire!
You miscast Foxfire.
You are very lightly contaminated with residual magic.
Nothing appears to happen.
The foxfire hits the goblin.
The goblin is heavily wounded.
The foxfire hits the goblin.
The goblin is severely wounded.
The goblin hits you with a +0 dagger of venom.
You are poisoned.
You barely miss the goblin.
The goblin is severely wounded.
You feel sick.
The goblin hits you with a +0 dagger of venom.
You are more poisoned.
You hit the goblin but do no damage.
The goblin is severely wounded.
You feel very sick.
The goblin hits you with a +0 dagger of venom.
You are more poisoned.
You completely miss the goblin.
The goblin is severely wounded.
You feel very sick. The goblin closely misses you.
You are too injured to fight recklessly!
* * * LOW HITPOINT WARNING * * *
You feel very sick. The goblin attacks as you move away!
The goblin hits you with a +0 dagger of venom.
* * * LOW HITPOINT WARNING * * *
x2 You feel very sick.
Your magical contamination has completely faded away.
The goblin attacks as you move away!
The goblin hits you with a +0 dagger of venom.
You die...

......######.##.#
#....## #.## .##
# ##..## #.# ..#
.# #.## #.##
#.##.# #.#
##.###.#.# ##+##
##.##..# #...##
##...# .....##
###g# ......##
#@# ....<..# #.#
.......+ ...
.......# ##.##
......## #.#
.....## #.#
#...## #.# ##+##
#.#


You could see a goblin.

Vanquished Creatures
  2 dart slugs
  2 bats (D:1)
  6 endoplasms
  2 goblins (D:1)
  A hobgoblin (D:1)
  2 ball pythons (D:1)
  A kobold (D:1)
  A rat (D:1)
17 creatures vanquished.

Vanquished Creatures (others)
  42 foxfires
42 creatures vanquished.

Grand Total: 59 creatures vanquished

Notes
Turn   | Place    | Note
-------+----------+-------------------------------------------
     0 | D:1      | Logoto the Hill Orc Fire Elementalist began the quest for
                  | the Orb.
     0 | D:1      | Reached XP level 1. HP: 14/14 MP: 3/3
   136 | D:1      | Found a faded altar of an unknown god.
   433 | D:1      | Reached XP level 2. HP: 16/20 MP: 1/4
  1141 | D:2      | Reached XP level 3. HP: 26/26 MP: 0/6
  1277 | D:2      | Slain by a goblin

Illustrated notes

Levels and vault maps discovered:
D:1:      dpeg_arrival_arbitrary_a, layout_basic, ebering_ecumenical_altar_box
D:2:      layout_loops_corners, basic_altar, serial_shops,
          nicolae_shop_rolled_up, uniq_sigmund

Skill      XL: |  1  2 |
---------------+-------+-----
Spellcasting   | 2 |  2.0
Dodging        | |  1.6
Stealth        | |  1.8
Conjurations   | |  1.2
Fire Magic     | |  3.7

Action                     || total
---------------------------++-------
  Melee: Unarmed           ||    15
   Cast: Foxfire           ||    31
 Armour: Robe              ||     2
  Dodge: Dodged            ||    12
